 Dungeon Crawl Stone Soup version 0.29-a0-352-g0917bc69df (webtiles) character file.

Game seed: 16736379523986429653

67 NinjaNoafa the Chopper (level 3, -3/33 HPs)
             Began as a Minotaur Monk on Apr 24, 2022.
             Slain by Sigmund
             ... wielding a +0 scythe
              (9 damage)
             ... on level 2 of the Dungeon.
             The game lasted 00:02:38 (1848 turns).

NinjaNoafa the Chopper (Minotaur Monk)              Turns: 1848, Time: 00:02:39

Health: -3/33      AC:  6    Str: 17    XL:     3   Next: 98%
Magic:  2/2        EV: 10    Int:  7    God:
Gold:   187        SH:  0    Dex: 12    Spells: 2/2 levels left

rFire   . . .      SeeInvis .   a - +0 hand axe
rCold   . . .      Faith    .   (no shield)
rNeg    . . .      Spirit   .   j - +0 scale mail
rPois   .          Reflect  .   (helmet restricted)
rElec   .          Harm     .   (no cloak)
rCorr   .          Rampage  .   (no gloves)
Will    .....                   (no boots)
Stlth   +.........              (no amulet)
HPRegen 0.11/turn               d - ring of wizardry
MPRegen 0.08/turn               (no ring)

@: no status effects
A: horns 2, retaliatory headbutt
a: no special abilities


You were on level 2 of the Dungeon.
You visited 1 branch of the dungeon, and saw 2 of its levels.

You collected 187 gold pieces.

Inventory:

Hand Weapons
 a - a +0 hand axe (weapon)
Armour
 b - a +0 robe
 j - a +0 scale mail (worn)
Jewellery
 d - a ring of wizardry (left hand)
Scrolls
 h - 2 scrolls of identify
 k - a scroll of enchant armour
Potions
 i - 3 potions of curing


   Skills:
 + Level 4.3 Fighting
 + Level 4.3 Axes
 + Level 0.8 Armour
 - Level 3.7 Dodging
 + Level 2.3 Stealth


You had 2 spell levels left.
You didn't know any spells.
Your spell library was empty.

Dungeon Overview and Level Annotations

Branches:
Dungeon (2/15)

Altars:
Dithmenos

Annotations:
D:2 Sigmund


Innate Abilities, Weirdness & Mutations

You have a pair of horns on your head.
You reflexively headbutt those who attack you in melee.


Message History

Something hits you! Something hits you but does no damage.
You cannot move.
You cannot move.
You swing at nothing.
You swing at nothing.
A magic dart appears from out of thin air!
The magic dart hits you but does no damage.
You swing at nothing.
Your transformation is almost over.
Something completely misses you.
You swing at nothing.
Something hits you.
You swing at nothing.
You are confused.
You feel invigorated. Something hits you but does no damage.
You swing at nothing.
You hear some strange, mumbled words.
Something tries to affect you, but you resist.
You attack the rock wall.
You feel less invigorated.
You feel less confused. Something hits you but does no damage.
You swing at nothing.
Something hits you but does no damage.
You swing at nothing.
You swing at nothing.
Something hits you but does no damage.
You swing at nothing.
You feel less wooden.
Your +0 scale mail unmelds from your body.
Something hits you but does no damage.
You swing at nothing.
Something hits you.
You swing at nothing.
You swing at nothing.
Something hits you.
You swing at nothing.
Something hits you.
You closely miss something. Something hits you but does no damage.
You hit something. You headbutt something.
You hear some strange, mumbled words.
A puff of flame appears from out of thin air!
The puff of flame hits you!
* * * LOW HITPOINT WARNING * * *
You closely miss something. Your headbutt misses something. Something hits you!
You die...

#......#..#### #.# ##
##.#####..## #.####. #..# ###.##
##..)... #.####...# ####...####
#......### #.....## ######.######
###.##.##
##......##...######...##.##
#....####.....#.........).# **
###..#####.....{@.#.........####.
....††...#......†##.........#....
.........#.......................
.[.......##......##<........#####
.........##....<###.........#
.........#......,*#.........#
##########......,*#.........#
#......,*#.........#
**,,,,,**###########


There were no monsters in sight!

Vanquished Creatures
  An adder (D:2)
  A worm (D:2)
  2 dart slugs
  4 bats
  6 endoplasms
  A giant cockroach (D:1)
  3 goblins (D:1)
  7 hobgoblins
  2 jackals (D:1)
  A quokka (D:1)
  4 ball pythons
  4 frilled lizards
  8 kobolds
  5 rats
49 creatures vanquished.

Notes
Turn   | Place    | Note
-------+----------+-------------------------------------------
     0 | D:1      | NinjaNoafa the Minotaur Monk began the quest for the Orb.
     0 | D:1      | Reached XP level 1. HP: 19/19 MP: 0/0
    66 | D:1      | Found a faded altar of an unknown god.
   115 | D:1      | Reached XP level 2. HP: 27/27 MP: 1/1
   947 | D:2      | Reached XP level 3. HP: 30/33 MP: 2/2
  1034 | D:2      | Found a shadowy altar of Dithmenos.
  1801 | D:2      | Noticed Sigmund
  1848 | D:2      | Slain by Sigmund

Illustrated notes

Levels and vault maps discovered:
D:1:      dpeg_arrival_oval, layout_basic,
          hellmonk_ecumenical_altar_pennies_from_heaven, serial_bayou_pond_e
D:2:      layout_rooms, basic_altar, dreamdust_wishing_well, uniq_sigmund

Skill      XL: |  1  2 |
---------------+-------+-----
Fighting       | 4 |  4.3
Axes           | 4 |  4.3
Stealth        | 2 |  2.3
Armour         | |  0.8
Dodging        | |  3.7

Action                   || total
-------------------------++-------
Melee: Hand axe          ||    97
       Headbutt          ||    21
  Use: Scroll            ||     3
       Potion            ||     3
 Stab: Sleeping          ||     4
Armor: Robe              ||     6
       Scale mail        ||    15
       Skin              ||    12
Dodge: Dodged            ||    63

Table legend: (Time is in decaauts)
 A = Elapsed time spent in this place.
 B = Non-inter-level travel time spent in this place.
 C = Inter-level travel time spent in this place.
 D = Time resting spent in this place.
 E = Time spent auto-exploring this place.
 F = Levels seen in this place.
 G = Mean time per level.
                   A        B        C        D        E       F      G
               +--------+--------+--------+--------+--------+-----+--------+
         Total |   1860 |   1809 |     51 |      0 |   1469 |   2 |  930.0 |
       Dungeon |   1860 |   1809 |     51 |      0 |   1469 |   2 |  930.0 |
               +--------+--------+--------+--------+--------+-----+--------+

Top non-repeatable levels by time:
     D:1: 936 daAuts
     D:2: 923 daAuts
